 Dungeon Crawl Stone Soup version 0.27-a0-1149-g4505690ab0 (webtiles) character file.

Game seed: 4265681231695274902

2830 Sobieck the Cleaver (level 9, -7/81 HPs)
             Began as a Hill Orc Monk on May 12, 2021.
             Was a Believer of Ru.
             Splashed by Maggie's acid (13 damage)
             ... on level 7 of the Dungeon.
             The game lasted 00:25:00 (10991 turns).

Sobieck the Cleaver (Hill Orc Monk)                Turns: 10991, Time: 00:25:00

Health: -7/81      AC:  4    Str: 23    XL:     9   Next: 73%
Magic:  9/9        EV: 11    Int: 10    God:    Ru [**....]
Gold:   410        SH:  0    Dex: 13    Spells: 8/8 levels left

rFire    + . .     SeeInvis .   a - +1 hand axe {axe}
rCold    . . .     Faith    .   (no shield)
rNeg     . . .     Spirit   .   t - +1 scale mail "Redaz" {rF+}
rPois    .         Reflect  .   (no helmet)
rElec    .         Harm     .   (no cloak)
rCorr    .         Rampage  .   (no gloves)
Will     .....                  (no boots)
Stlth    ..........             (no amulet)
HPRegen  0.23/turn              v - +6 ring of strength
MPRegen  0.11/turn              (no ring)

@: corroded, attractive, mesmerised
A: inability to use devices
a: Renounce Religion


You were on level 7 of the Dungeon.
You worshipped Ru.
Ru was pleased with you.
You visited 2 branches of the dungeon, and saw 9 of its levels.

You collected 410 gold pieces.


Innate Abilities, Weirdness & Mutations

You cannot study or use magical devices.


   Skills:
 + Level 7.8 Fighting
 - Level 12.0 Axes
 + Level 2.4 Throwing
 + Level 5.9 Armour
 + Level 3.4 Dodging
 - Level 1.5 Stealth
   Level 0.0 Evocations


You had 8 spell levels left.
You didn't know any spells.
Your spell library contained the following spells:

 Spells                   Type           Power      Damage    Failure   Level
 Corona                   Hex            0%         N/A       65%         1
 Magic Dart               Conj           0%         1d3       65%         1
 Searing Ray              Conj           0%         3d3       80%         2
 Slow                     Hex            0%         N/A       80%         2
 Dazzling Flash           Conj/Hex       0%         N/A       95%         3
 Inner Flame              Hex/Fire       0%         N/A       95%         3
 Portal Projectile        Hex/Tloc       0%         N/A       95%         3
 Cause Fear               Hex            0%         N/A       100%        4
 Fulminant Prism          Conj/Hex       0%         3d6       100%        4
 Iskenderun's Mystic Bla  Conj/Tloc      0%         2d3       100%        4
 Leda's Liquefaction      Hex/Erth       0%         N/A       100%        4

Inventory:

Hand Weapons
 a - a +1 hand axe (weapon) {axe}
 b - a +4 shortbow {bow}
   (You took it off a centaur on level 7 of the Dungeon)
 j - a +0 flail {mace}
   (You found it on level 6 of the Dungeon)
 z - a +3 flail {mace}
   (You took it off an orc on level 6 of the Dungeon)
Missiles
 c - 48 bolts
 d - 146 arrows
 e - 209 stones (quivered) {throwing}
 h - 63 sling bullets
 u - 6 poisoned darts {throwing}
Armour
 f - a +0 ring mail
   (You found it on level 1 of the Dungeon)
 r - a +0 plate armour
   (You found it on level 3 of the Dungeon)
 t - the +1 scale mail "Redaz" (worn) {rF+}
   (You found it on level 6 of the Dungeon)

   It protects you from fire.
 x - a +0 robe
Magical Staves
 y - a staff of conjuration {!a@e2staff}
   (You found it on level 7 of the Dungeon)
Jewellery
 v - a +6 ring of strength (left hand)
   (You found it on level 6 of the Dungeon)
Wands
 k - a wand of digging (8)
   (You took it off Jessica on level 3 of the Dungeon)
 p - a wand of polymorph (7)
   (You took it off Ijyb on level 3 of the Dungeon)
Scrolls
 i - 3 scrolls of enchant weapon
 l - 2 scrolls of teleportation {@r4}
 m - a scroll of fear {unknown}
 n - 2 scrolls of identify {@r1}
 s - a scroll of holy word {unknown}
Potions
 g - a potion of cancellation
 o - a potion of mutation {!q}
 w - a potion of flight {unknown}
 A - 2 potions of resistance {unknown}

Dungeon Overview and Level Annotations

Branches:
Dungeon (8/15)             Temple (1/1) D:6
   Lair: D:8-11

Altars:
Ashenzari
Cheibriados
Dithmenos
Elyvilon
Fedhas
Gozag
Hepliaklqana
Kikubaaqudgha
Makhleb
Nemelex Xobeh
Qazlal
Ru
Sif Muna
Trog
Uskayaw
Vehumet
Wu Jian
Xom
Yredelemnul
Zin
Beogh

Shops:
D:2 (

Annotations:
D:3 3 runed translucent doors, exclusion: downstairs, Belboz's ghost, amateur MfGl
D:4 1 runed translucent door, Crazy Yiuf
D:7 Maggie

#.<#
#......#
#......#
#..#..###
#......
#..#...# [.
#...# ###
... #..##
##.# #
###@@##
.##(....###
(..........#
+###......##
#.....##
#.....#
#....###
#......##
#..#....#


You could see Maggie (mesmerising).


Message History

You take 1 damage, and now have 68/81 hp.
You start resting.
You feel sick. x3
You are no longer poisoned. 😎 HP[+13]
Your hp is fully restored (81).
d - 151 arrows (gained 1)
d - 152 arrows (gained 1)
There is a stone staircase leading down here.
There is an escape hatch in the ceiling here.
You now have 410 gold pieces (gained 9).
An ogre comes into view. It is wielding a +0 giant club.
The ogre shouts!
The ogre moves out of view.
Unknown command.
Unknown command.
You shoot an arrow. The arrow hits the ogre!
You shoot an arrow. The arrow closely misses the ogre.
a - a +1 hand axe (weapon)
{axe} The ogre hits you with a +0 giant club! 😕 HP[-16]
You take 16 damage, and now have 65/81 hp.
You completely miss the ogre. You barely miss the ogre.
The ogre hits you with a +0 giant club! 😮 HP[-13]
You take 13 damage, and now have 52/81 hp.
Unknown command.
You hit the ogre. You hit the ogre.
The ogre hits you with a +0 giant club!!
* * * LOW HITPOINT WARNING * * *
😨 HP[-18]
You take 18 damage, and now have 34/81 hp.
MASSIVE DAMAGE!! (PAUSE)
You hit the ogre.
The ogre hits you with a +0 giant club!!
* * * LOW HITPOINT WARNING * * *
😱 HP[-22]
You take 22 damage, and now have 12/81 hp.
MASSIVE DAMAGE!! (PAUSE)
You slash the ogre!
You kill the ogre!
b - a +4 shortbow (weapon)
{bow} You start resting. 😎 HP[+69]
Your hp is fully restored (81).
Things that are here:
a +0 giant club {mace}; an ogre skeleton
d - 151 arrows (gained 1) Maggie the Vainglorious comes into view.
She is wielding a +0 vorpal broad axe and carrying a wand of acid (9).
Maggie shouts!
Maggie unwields a +0 vorpal broad axe.
Maggie drops a +0 vorpal broad axe.
Maggie picks up a lajatang.
Maggie wields a lajatang.
You shoot an arrow.
The arrow hits Maggie but does no damage.
You shoot an arrow. The arrow hits Maggie.
You shoot an arrow. The arrow barely misses Maggie.
You shoot an arrow. The arrow hits Maggie!
Maggie mumbles some strange words.
Maggie attempts to bespell you!
You are mesmerised by Maggie!
You shoot an arrow. The arrow hits Maggie.
Maggie zaps a wand.
The bolt of acid hits you!!
You are splashed with acid! 😮 HP[-35]
You take 35 damage, and now have 46/81 hp.
MASSIVE DAMAGE!! (PAUSE)
You are too injured to fight recklessly!
a - a +1 hand axe (weapon)
{axe} You are too injured to fight recklessly!
It was a potion of attraction.
You feel attractive to monsters.
You closely miss Maggie. You hit Maggie. Maggie hits you with a +0 lajatang.
* * * LOW HITPOINT WARNING * * *
😨 HP[-6]
You take 6 damage, and now have 40/81 hp.
Unknown command.
You hit Maggie. Maggie hits you with a +0 lajatang!
* * * LOW HITPOINT WARNING * * *
😨 HP[-7]
You take 7 damage, and now have 33/81 hp.
You hit Maggie but do no damage.
Maggie barely misses you. 😨 HP[+1] Unknown command.
You barely miss Maggie. You hit Maggie. Maggie hits you with a +0 lajatang!
* * * LOW HITPOINT WARNING * * *
😨 HP[-10]
You take 10 damage, and now have 24/81 hp.
Unknown command.
You closely miss Maggie.
Maggie is stunned by your conviction and fails to attack.
You hit Maggie.
Unknown command.
You hit Maggie.
Maggie zaps a wand.
The bolt of acid hits you!!
* * * LOW HITPOINT WARNING * * *
The acid corrodes you!
You are splashed with acid!
You die...

Skill      XL: |  1  2  3  4  5  6  7  8  9 |
---------------+----------------------------+-----
Fighting       | 4 5 6 7 |  7.8
Axes           | 5 6 7 8 9 10 11 12 | 12.0
Armour         | 1 2 5 |  5.9
Evocations     | 1 0 |  0.0
Throwing       | 2 |  2.4
Dodging        | 3 |  3.4
Stealth        | |  1.5

Action                   |  1- 3 |  4- 6 |  7- 9 || total
-------------------------+-------+-------+-------++-------
Melee: Hand axe          |    75 |   166 |   409 ||   650
 Fire: Shortbow          |       |       |    20 ||    20
Throw: Boomerang         |    34 |     7 |       ||    41
       Stone             |       |    84 |    30 ||   114
Invok: Sacrifice Artific |       |       |     1 ||     1
Evoke: Wand              |       |     1 |       ||     1
  Use: Scroll            |       |    12 |     1 ||    13
       Potion            |       |       |     4 ||     4
 Stab: Sleeping          |     1 |       |       ||     1
       Invisible         |       |       |     8 ||     8
Armor: Robe              |     6 |       |       ||     6
       Ring mail         |    19 |    40 |    53 ||   112
       Skin              |       |     2 |       ||     2
       Scale mail        |       |       |    59 ||    59
Dodge: Dodged            |    41 |    84 |   159 ||   284

Levels and vault maps discovered:
D:1:      nicolae_arrival_washed_ashore, layout_basic
D:2:      layout_rooms, shapermc_ecumenical_altar_mp_highgroup, serial_shops,
          shop, kennysheep_generic_room_8
D:3:      layout_basic, serial_aquarium, aquarium_bridge_square
          [aquarium_subvault_bridge, aquarium_subvault_wall,
          aquarium_subvault_wall, aquarium_subvault_bridge],
          aquarium_bridge_square [aquarium_subvault_bridge,
          aquarium_subvault_window, aquarium_subvault_balcony,
          aquarium_subvault_window], aquarium_window_2, aquarium_window_1,
          aquarium_window_fake, aquarium_view_2d, aquarium_view_2b,
          aquarium_balcony_3a, biasface_ghost_orc_armoury, uniq_ijyb,
          uniq_jessica
D:4:      layout_rooms, nicolae_dithmenos_through_a_glass_darkly,
          due_unseen_surprise, uniq_crazy_yiuf_cottage
D:5:      layout_gridville, uniq_grinder
D:6:      layout_basic, kennysheep_orc_sif_temple, temple_statues,
          serial_curves, eino_curves_04, eino_curves_02
D:7:      layout_cave_pools, kennysheep_generic_room_13, uniq_harold,
          uniq_maggie, uniq_menkaure
D:8:      layout_loops_cross, tso_altar, dk_noncrumbling_2
Temple:   regret_index_temple_mists

Notes
Turn   | Place    | Note
-------+----------+-------------------------------------------
     0 | D:1      | Sobieck the Hill Orc Monk began the quest for the Orb.
     0 | D:1      | Reached XP level 1. HP: 19/19 MP: 1/1
     0 | D:1      | magus.rc [v1.9.6]
   245 | D:1      | Reached XP level 2. HP: 27/27 MP: 2/2
   251 | D:1      | Reached skill level 4 in Fighting
   681 | D:1      | Reached skill level 5 in Axes
   698 | D:2      | Reached XP level 3. HP: 29/33 MP: 3/3
  1308 | D:3      | Noticed Jessica
  1363 | D:3      | Killed Jessica
  1364 | D:3      | Reached skill level 6 in Axes
  1364 | D:3      | Reached XP level 4. HP: 40/40 MP: 4/4
  1739 | D:2      | Found a faded altar of an unknown god.
  1861 | D:2      | Found Kikas's Weapon Shoppe.
  2061 | D:3      | Noticed Ijyb
  2113 | D:3      | Killed Ijyb
  2114 | D:3      | Reached skill level 7 in Axes
  2227 | D:3      | Reached XP level 5. HP: 34/46 MP: 5/5
  2304 | D:4      | Noticed an ogre
  2427 | D:4      | Found a shadowy altar of Dithmenos.
  2427 | D:4      | Noticed an ogre
  2726 | D:3      | Found a runed translucent gate.
  2730 | D:3      | Noticed Belboz's ghost (amateur MfGl)
  2733 | D:3      | Found a runed translucent gate.
  2733 | D:3      | Found a runed translucent gate.
  2736 | D:3      | Found a roughly hewn altar of Beogh.
  3754 | D:4      | You pick up a book of Conjurations {@e2} and begin
                  | reading...
  3754 | D:4      | You add the spells Magic Dart, Searing Ray, Dazzling Flash,
                  | Fulminant Prism and Iskenderun's Mystic Blast to your
                  | library.
  3810 | D:4      | Killed an ogre
  3811 | D:4      | Reached skill level 8 in Axes
  3811 | D:4      | Reached XP level 6. HP: 21/52 MP: 6/6
  4017 | D:5      | Entered Level 5 of the Dungeon
  4211 | D:4      | Reached skill level 9 in Axes
  4227 | D:4      | You pick up a book of Debilitation and begin reading...
  4227 | D:4      | You add the spells Corona, Slow, Inner Flame, Portal
                  | Projectile, Cause Fear and Leda's Liquefaction to your
                  | library.
  4438 | D:4      | Found a runed translucent door.
  4439 | D:4      | Noticed Crazy Yiuf
  4529 | D:6      | Noticed a sky beast
  4548 | D:5      | Killed a sky beast
  4549 | D:5      | Reached skill level 1 in Armour
  4549 | D:5      | Reached skill level 1 in Evocations
  4799 | D:4      | Reached XP level 7. HP: 36/60 MP: 7/7
  5154 | D:4      | Reached skill level 2 in Armour
  5382 | D:5      | Reached skill level 5 in Fighting
  5699 | D:4      | Reached skill level 10 in Axes
  5888 | D:5      | HP: 8/61 [ice beast (12)]
  5891 | D:5      | Reached XP level 8. HP: 10/69 MP: 8/8
  6208 | D:5      | Reached skill level 3 in Armour
  6208 | D:5      | Reached skill level 2 in Evocations
  6313 | D:5      | Noticed Grinder
  6313 | D:5      | Paralysed by Grinder for 3 turns
  6337 | D:5      | Paralysed by Grinder for 6 turns
  6343 | D:5      | HP: 14/69 [Grinder (4)]
  6345 | D:5      | Killed Grinder
  6346 | D:5      | Reached skill level 6 in Fighting
  7020 | D:5      | Reached skill level 4 in Armour
  7040 | D:5      | Reached skill level 11 in Axes
  7605 | D:6      | Found a staircase to the Ecumenical Temple.
  7610 | Temple   | Entered the Ecumenical Temple
  7764 | Temple   | Became a worshipper of Ru the Awakened
  7771 | Temple   | Gained mutation: You cannot study or use magical devices.
                  | [Ru sacrifice]
  7771 | Temple   | Reduced skill Evocations to level 0
  7771 | Temple   | Reached * piety under Ru
  7771 | Temple   | Reached ** piety under Ru
  7976 | D:6      | Identified the +1 scale mail "Redaz" {rF+}
  8131 | D:6      | Reached skill level 5 in Armour
  8131 | D:6      | Reached XP level 9. HP: 38/78 MP: 9/9
  8311 | D:6      | Found a shimmering blue altar of Sif Muna.
  8351 | D:6      | Reached skill level 7 in Fighting
  9178 | D:7      | Reached skill level 12 in Axes
  9295 | D:6      | Reached skill level 1 in Throwing
  9627 | D:7      | HP: 7/79 [orc warrior/+0 glaive (16)]
 10054 | D:7      | Reached skill level 3 in Dodging
 10318 | D:7      | Noticed Menkaure
 10332 | D:7      | Reached skill level 2 in Throwing
 10472 | D:7      | Killed Menkaure
 10659 | D:7      | HP: 12/81 [ogre/+0 giant club (23)]
 10975 | D:7      | Noticed Maggie
 10991 | D:7      | HP: 6/81 [Maggie/bolt of acid (18)]
 10991 | D:7      | Splashed by Maggie's acid

Vanquished Creatures
  Grinder (D:5)
  Menkaure (D:7)
  2 water moccasins
  2 orc warriors
  An ice beast (D:5)
  A sky beast (D:5)
  A black bear (D:4)
  A necrophage (D:5)
  4 ogres
  5 centaurs (D:7)
  A phantom (D:5)
  A bullfrog (D:7)
  3 scorpions
  A water moccasin skeleton (D:5)
  A gnoll shaman (D:6)
  A centaur zombie (D:6)
  3 hounds
  A bullfrog skeleton (D:4)
  An orc priest (D:7)
  A jelly (D:5)
  Jessica (D:3)
  Ijyb (D:3)
  3 orc wizards (D:6)
  3 iguanas
  A hound zombie (D:5)
  2 hound skeletons
  A howler monkey skeleton (D:7)
  3 gnolls (D:6)
  8 adders
  An ufetubus (D:5)
  2 worms
  An adder skeleton (D:5)
  3 dart slugs
  4 orcs
  5 bats
  6 endoplasms
  A giant cockroach (D:4)
  6 goblins
  5 hobgoblins
  6 jackals
  5 quokkas
  3 ball pythons
  4 frilled lizards
  3 kobolds
  5 rats
116 creatures vanquished.

Vanquished Creatures (others)
  A centaur (D:7)
1 creature vanquished.

Grand Total: 117 creatures vanquished

Table legend:
 A = Non-vault XP
 B = Vault XP
 C = Vault XP percentage of total XP
 D = Non-vault monster count
 E = Vault monster count
 F = Vault count percentage of total count
                 A         B        C        D         E       F
            +---------+---------+-------+---------+---------+-------
      Total |    3345 |     699 |  17.3 |     110 |       7 |   6.0
            +---------+---------+-------+---------+---------+-------
        D:1 |      38 |       0 |   0.0 |      21 |       0 |   0.0
        D:2 |      34 |       0 |   0.0 |      16 |       0 |   0.0
        D:3 |      50 |      73 |  59.3 |      14 |       2 |  12.5
        D:4 |     546 |       0 |   0.0 |      15 |       0 |   0.0
        D:5 |    1060 |     262 |  19.8 |      18 |       1 |   5.3
        D:6 |     471 |     207 |  30.5 |      14 |       3 |  17.6
        D:7 |    1146 |     157 |  12.0 |      12 |       1 |   7.7
            +---------+---------+-------+---------+---------+-------

Illustrated notes

Table legend:
 A = Kills in this place as a percentage of kills in entire the game.
 B = Kills by you in this place as a percentage of kills by you in the entire game.
 C = Kills by friends in this place as a percentage of kills by friends in the entire game.
 D = Other kills in this place as a percentage of other kills in the entire game.
 E = Experience gained in this place as a percentage of experience gained in the entire game.
 F = Experience gained in this place divided by the number of levels of this place that you have seen.
                   A       B       C       D       E      F
               +-------+-------+-------+-------+-------+----------------------
         Total | 100.0 | 100.0 |   N/A | 100.0 | 100.0 | 449.3
       Dungeon | 100.0 | 100.0 |   N/A | 100.0 | 100.0 | 505.5
               +-------+-------+-------+-------+-------+----------------------

Table legend: (Time is in decaauts)
 A = Elapsed time spent in this place.
 B = Non-inter-level travel time spent in this place.
 C = Inter-level travel time spent in this place.
 D = Time resting spent in this place.
 E = Time spent auto-exploring this place.
 F = Levels seen in this place.
 G = Mean time per level.
                   A        B        C        D        E       F      G
               +--------+--------+--------+--------+--------+-----+--------+
         Total |  11003 |  10575 |    428 |   4298 |   4233 |   9 | 1222.6 |
       Dungeon |  10764 |  10343 |    421 |   4298 |   4052 |   8 | 1345.5 |
        Temple |    239 |    233 |      6 |      0 |    181 |   1 |  239.0 |
               +--------+--------+--------+--------+--------+-----+--------+

Top non-repeatable levels by time:
     D:6: 2560 daAuts
     D:5: 2238 daAuts
     D:3: 1763 daAuts
     D:4: 1426 daAuts
     D:1: 1284 daAuts
     D:7: 839 daAuts
     D:2: 645 daAuts
  Temple: 239 daAuts
     D:8: 4 daAuts
